 Dungeon Crawl Stone Soup version 0.25-a0-413-g3b4b6a4ccc (webtiles) character file.

Game seed: 2411250475803402485, levelgen mode: deterministic

917 Henning the Ruffian (level 7, -2/71 HPs)
             Began as a Troll Monk on Jan 16, 2020.
             Was a Priest of Qazlal.
             Killed from afar by an electric eel (11 damage)
             ... with a bolt of electricity
             ... on level 5 of the Dungeon.
             The game lasted 00:10:33 (3795 turns).

Henning the Ruffian (Troll Monk)                    Turns: 3795, Time: 00:10:34

Health: -2/71      AC:  7    Str: 22    XL:     7   Next: 83%
Magic:  6/6        EV: 10    Int:  6    God:    Qazlal [***...]
Gold:   203        SH:  3    Dex: 12    Spells: 6/6 levels left

rFire    . . .     SeeInvis .     - Unarmed
rCold    . . .     Gourm    +   (no shield)
rNeg     . . .     Faith    .   a - +0 robe
rPois    .         Spirit   .   (helmet restricted)
rElec    .         Reflect  .   n - +0 cloak
rCorr    .         Harm     .   (gloves unavailable)
MR       .....                  (boots unavailable)
Stlth    +.........             (no amulet)
HPRegen  0.61/turn              (no ring)
MPRegen  0.10/turn              (no ring)

@: studying Earth Magic
A: large, unfitting armour, claws 3, fast metabolism 3, gourmand, regeneration
1, shaggy fur 1, tough skin 3
a: Upheaval, Elemental Force, Renounce Religion


You were on level 5 of the Dungeon.
You worshipped Qazlal.
Qazlal was most pleased with you.
You were very full.

You visited 2 branches of the dungeon, and saw 7 of its levels.

You collected 203 gold pieces.

Inventory:

Hand Weapons
 q - a +0 morningstar
Missiles
 i - 126 stones (quivered)
Armour
 a - a +0 robe (worn)
 n - a +0 cloak (worn)
Wands
 v - a wand of polymorph (5)
Scrolls
 d - 7 scrolls of noise {unknown}
 f - a scroll of enchant weapon {unknown}
 g - 3 scrolls of remove curse {unknown}
 h - a scroll of fear {unknown}
 m - a scroll of identify {unknown}
 o - 7 scrolls of teleportation {unknown}
 t - 2 scrolls of enchant armour {unknown}
Potions
 c - 3 potions of agility {unknown}
 e - a potion of mutation {unknown}
 j - 3 potions of curing {unknown}
 k - 3 potions of heal wounds {unknown}
 l - 2 potions of might {unknown}
 p - a potion of degeneration {unknown}
 s - a potion of ambrosia {unknown}
 w - a potion of cancellation {unknown}
Books
 u - a manual of Earth Magic
Comestibles
 b - 9 rations
 r - a chunk of flesh


   Skills:
 + Level 4.9 Fighting
 - Level 2.4 Dodging
 - Level 1.0 Stealth
 * Level 7.9 Unarmed Combat


You had 6 spell levels left.
You didn't know any spells.
Your spell library was empty.

Dungeon Overview and Level Annotations

Branches:
Dungeon (6/15)             Temple (1/1) D:4

Altars:
Ashenzari
Cheibriados
Dithmenos
Elyvilon
Fedhas
Hepliaklqana
Kikubaaqudgha
Makhleb
Nemelex Xobeh
Qazlal
Trog
Uskayaw
Vehumet
Wu Jian
Yredelemnul
Zin
The Shining One


Innate Abilities, Weirdness & Mutations

You are too large for most types of armour.
You have claws for hands.
Your metabolism is lightning-fast.
You like to eat raw meat.
Your natural rate of healing is unusually fast.
You are covered in fur. (AC +1)
You have extremely tough skin. (AC +3)


Message History

The electric eel shoots out a bolt of lightning at you!
The bolt of electricity hits the plant!
The bolt of electricity hits you!
The electric eel shoots out a bolt of lightning at you!
The bolt of electricity misses the electric eel.
The bolt of electricity hits the plant!
The bolt of electricity hits you!
The electric eel shoots out a bolt of lightning at you!
The bolt of electricity hits the plant!
The bolt of electricity hits you!
The electric eel shoots out a bolt of lightning at you!
The bolt of electricity hits you!
* * * LOW HITPOINT WARNING * * *
The electric eel shoots out a bolt of lightning at you!
The bolt of electricity hits the electric eel.
The electric eel completely resists.
The bolt of electricity hits the plant.
The bolt of electricity hits you!
* * * LOW HITPOINT WARNING * * *
The electric eel shoots out a bolt of lightning at you!
The bolt of electricity hits you.
* * * LOW HITPOINT WARNING * * *
The bolt of electricity hits you!
You die...

# # ####### #
###..≈≈≈## ####
#†..####≈## ....
#...≈≈##'..##.#
####
..#..#####.@...#.#
####### #.#
#.....#.# [......
#.# #.P.≈≈#.#
######
#.##.....#$P;P.#≈#
#
#.##.P.P.#?.;:.#≈#
#
#.##$P.P.#≈≈;≈≈#≈#
#
#.##$?.≈≈##≈≈≈##≈#
#
#.##≈≈%≈≈######≈##
##
#([##;≈≈##†....##
#.


You could see 3 electric eels.

Vanquished Creatures
  A phantom (D:3)
  An ogre (D:5)
  2 scorpions
  A crimson imp (D:5)
  2 howler monkeys (D:4)
  A bullfrog zombie (D:5)
  A gnoll shaman (D:3)
  An orc priest (D:6)
  3 orc wizards
  An iguana (D:5)
  4 worker ants
  A hound skeleton (D:5)
  8 gnolls
  5 adders
  An ooze (D:4)
  An adder skeleton (D:4)
  3 worms
  A dart slug (D:3)
  2 leopard geckos
  15 orcs
  8 bats
  6 giant cockroaches
  9 goblins
  3 hobgoblins
  7 jackals
  A quokka (D:3)
  6 frilled lizards
  7 kobolds
  A leopard gecko zombie (D:5)
  9 rats
112 creatures vanquished.

Notes
Turn   | Place    | Note
-------+----------+-------------------------------------------
     0 | D:1      | Henning the Troll Monk began the quest for the Orb.
     0 | D:1      | Reached XP level 1. HP: 22/22 MP: 0/0
   205 | D:1      | Reached XP level 2. HP: 28/29 MP: 1/1
   928 | D:2      | Reached XP level 3. HP: 36/36 MP: 2/2
   930 | D:2      | Reached skill level 4 in Unarmed Combat
   986 | D:2      | Found a white marble altar of Elyvilon.
  1655 | D:2      | Reached XP level 4. HP: 32/45 MP: 3/3
  1831 | D:3      | You fall into a shaft and drop 3 floors!
  1834 | D:6      | Reached skill level 5 in Unarmed Combat
  1834 | D:6      | Reached XP level 5. HP: 53/53 MP: 4/4
  1863 | D:5      | Entered Level 5 of the Dungeon
  1998 | D:4      | Noticed a phantom
  2034 | D:3      | Found a faded altar of an unknown god.
  2453 | D:3      | Reached XP level 6. HP: 55/62 MP: 5/5
  2469 | D:3      | Reached skill level 6 in Unarmed Combat
  2976 | D:4      | Reached XP level 7. HP: 70/70 MP: 6/6
  3012 | D:4      | Reached skill level 7 in Unarmed Combat
  3073 | D:4      | Found a staircase to the Ecumenical Temple.
  3084 | Temple   | Entered the Ecumenical Temple
  3264 | D:3      | Became a worshipper of Qazlal Stormbringer
  3264 | D:3      | Reached * piety under Qazlal
  3264 | D:3      | Reached ** piety under Qazlal
  3432 | D:5      | Reached *** piety under Qazlal
  3795 | D:5      | Killed from afar by an electric eel

Levels and vault maps discovered:
D:1:      ncdulo_watergridlock, layout_basic
D:2:      layout_loops_ring, elyvilon_altar_4
D:3:      layout_loops_cross, chequers_ecumenical_altar_simple,
          chequers_serial_rivers_micro_d
D:4:      layout_rooms, minmay_temple_entry_glass, minmay_manual_macuahuitl
D:5:      cheibrodos_two_vegetables, layout_loops_ring, first_ration
D:6:      layout_cave_pods, serial_shops, shop_statue,
          hangedman_abyss_or_decor_stabs
Temple:   eino_temple_scatter_basement

Skill      XL: |  1  2  3  4  5  6  7 |
---------------+----------------------+-----
Unarmed Combat | 4 5 6 7 |  7.9
Fighting       | 3 4 |  4.9
Dodging        | |  2.4
Stealth        | |  1.0

Action                   |  1- 3 |  4- 6 |  7- 9 || total
-------------------------+-------+-------+-------++-------
Melee: Unarmed           |   115 |   149 |    60 ||   324
       Punch             |     4 |       |     2 ||     6
Throw: Stone             |       |     5 |       ||     5
 Stab: Sleeping          |     4 |     2 |       ||     6
  Eat: Chunk             |    21 |    12 |     7 ||    40
Armor: Robe              |    37 |    81 |    13 ||   131
Dodge: Dodged            |    51 |   104 |    19 ||   174
Block: Other             |       |       |     6 ||     6

Table legend:
 A = Non-vault XP
 B = Vault XP
 C = Vault XP percentage of total XP
 D = Non-vault monster count
 E = Vault monster count
 F = Vault count percentage of total count
                 A         B        C        D         E       F
            +---------+---------+-------+---------+---------+-------
      Total |    1105 |     205 |  15.6 |     107 |       5 |   4.5
            +---------+---------+-------+---------+---------+-------
        D:1 |      28 |       0 |   0.0 |      17 |       0 |   0.0
        D:2 |     102 |       0 |   0.0 |      28 |       0 |   0.0
        D:3 |     372 |       0 |   0.0 |      36 |       0 |   0.0
        D:4 |     140 |     156 |  52.7 |      11 |       3 |  21.4
        D:5 |     380 |      49 |  11.4 |      12 |       2 |  14.3
        D:6 |      83 |       0 |   0.0 |       3 |       0 |   0.0
            +---------+---------+-------+---------+---------+-------
